 Dungeon Crawl Stone Soup version 0.22.0-38-g04b72b8c25 (webtiles) character file.

2885 Zhakir the Blocker (level 9, -3/55 HPs)
             Began as a Gargoyle Fighter on Aug 29, 2018.
             Was a Follower of the Shining One.
             Slain by a komodo dragon (23 damage)
             ... on level 8 of the Dungeon.
             The game lasted 00:44:00 (7246 turns).

Zhakir the Blocker (Gargoyle Fighter)               Turns: 7246, Time: 00:44:00

Health: -3/55      AC: 15    Str: 22    XL:     9   Next: 77%
Magic:  9/9        EV: 10    Int:  8    God:    the Shining One [*.....]
Gold:   434        SH: 11    Dex: 11    Spells: 8/8 levels left

rFire    + . .     SeeInvis .   h - +3 mace (crush)
rCold    . . .     Gourm    +   c - +0 shield
rNeg     + . .     Faith    .   b - +0 scale mail
rPois    ∞         Spirit   .   z - +0 helmet
rElec    +         Reflect  .   (no cloak)
rCorr    .         Harm     .   (no gloves)
MR       .....                  (no boots)
Stlth    +.........             y - amulet of the gourmand
HPRegen  0.18/turn              t - ring of stealth
MPRegen  0.11/turn              F - ring of protection from fire

@: glowing
A: negative energy resistance 1, electricity resistance, unbreathing,
petrification resistance, rot immunity, AC +6
a: Renounce Religion


You were on level 8 of the Dungeon.
You worshipped the Shining One.
The Shining One was aware of your devotion.
You were very full.

You visited 2 branches of the dungeon, and saw 10 of its levels.

You collected 434 gold pieces.

Inventory:

Hand Weapons
 a - a +0 flail
 h - a +3 mace of crushing (weapon)
 k - a +2 short sword of protection
 n - a cursed -2 short sword
 B - a +0 dagger of speed
 E - a +1 whip of draining
 I - the +6 flail of the Living Dead {freeze, Dex+5, unknown}
   (You found it on level 7 of the Dungeon)

   It has been specially enchanted to freeze those struck by it, causing extra
   injury to most foes and up to half again as much damage against particularly
   susceptible opponents.
   It can also slow down cold-blooded creatures.
   It affects your dexterity (+5).
Missiles
 l - 3 javelins (quivered)
 x - 4 tomahawks
Armour
 b - a +0 scale mail (worn)
 c - a +0 shield (worn)
 z - a +0 helmet (worn)
Jewellery
 t - a ring of stealth (left hand)
 y - an amulet of the gourmand (around neck)
 C - an uncursed ring of stealth
 D - an uncursed ring of wizardry
 F - a ring of protection from fire (right hand)
 H - an uncursed amulet of the acrobat {unknown}
 P - an uncursed ring of wizardry
Wands
 p - a wand of acid (2)
 G - a wand of disintegration (32)
 N - a wand of iceblast (9)
 O - a wand of polymorph (8)
Scrolls
 i - 4 scrolls of teleportation
 m - 2 scrolls of remove curse
 q - 2 scrolls of immolation
 v - a scroll of enchant armour
 w - a scroll of amnesia {unknown}
 L - 3 scrolls of blinking
 M - a scroll of vulnerability {unknown}
Potions
 d - a potion of magic
 e - 3 potions of brilliance
 g - a potion of berserk rage {unknown}
 j - 5 potions of haste
 o - a potion of agility
 r - 2 potions of invisibility
 s - a potion of experience {unknown}
 u - 2 potions of curing {unknown}
 A - 2 potions of heal wounds {unknown}
 J - a potion of lignification {unknown}
 K - a potion of ambrosia {unknown}
Comestibles
 f - 18 rations


   Skills:
 + Level 5.6 Fighting
 + Level 7.5 Maces & Flails
 + Level 6.5 Armour
 + Level 3.4 Dodging
 - Level 1.1 Stealth
 + Level 8.8 Shields


You had 8 spell levels left.
You didn't know any spells.
Your spell library contained the following spells:

 Spells                   Type           Power        Failure   Level  Hunger
 Beastly Appendage        Tmut           #.....       93%         1    ##.....
 Sticks to Snakes         Tmut           #.......     98%         2    ###....
 Spider Form              Tmut/Pois      #.........   100%        3    ####...
 Ice Form                 Ice/Tmut       #.......     100%        4    #####..
 Blade Hands              Tmut           #.........   100%        5    ######.


Dungeon Overview and Level Annotations

Branches:
Dungeon (9/15)             Temple (1/1) D:7
   Lair: D:8-11         Orc: D:9-12

Altars:
Ashenzari
Cheibriados
Dithmenos
Elyvilon
Fedhas
Gozag
Hepliaklqana
Kikubaaqudgha
Makhleb
Nemelex Xobeh
Okawaru
Qazlal
Ru
Sif Muna
Trog
Uskayaw
Vehumet
Wu Jian
Xom
Yredelemnul
Zin
The Shining One

Shops:
D:4 [   D:6 (

Annotations:
D:4 1 runed door


Innate Abilities, Weirdness & Mutations

You are resistant to torment.
Your stone body is resilient. (AC +6)
You are immune to poison.
You resist negative energy. (rN+)
You are resistant to electric shocks. (rElec)
You can survive without breathing.
You are immune to petrification.
You are immune to rotting.


Message History

The Shining One accepts your kill.
Things that are here:
a necrophage corpse x2
Found 9 arrows and a spear.
You now have 428 gold pieces (gained 11).
You now have 434 gold pieces (gained 6).
Found a stone staircase leading down.
A komodo dragon comes into view.
The komodo dragon hisses angrily.
Found 2 rations and a war axe.
You sock the komodo dragon!
The komodo dragon is moderately wounded.
The komodo dragon bites you!
You hit the komodo dragon.
The komodo dragon is heavily wounded.
The komodo dragon bites you!!
You hit the komodo dragon.
The komodo dragon is severely wounded.
The komodo dragon bites you!!
You die...

##### ##.#)#++#. #?......%.
#%%.%..... #####
######..P...... .....
#...........l...... #####
##..........@## #.
##.............## #
#...............###.#### .
#....................... .
#...............###.####
#...............###.# .
#....<............#.## .
##.............#...>.#### .
................##........#


You could see a komodo dragon.

Vanquished Creatures
  A slime creature (D:6)
  Sigmund (D:5)
  Duvessa (D:4)
  An orc warrior (D:6)
  2 sky beasts
  A black bear (D:7)
  2 phantoms
  An ice beast (D:7)
  3 ogres
  2 necrophages (D:8)
  A crocodile (D:7)
  3 big kobolds (D:5)
  A bullfrog (D:8)
  Dowan (D:4)
  3 scorpions
  A howler monkey (D:4)
  A crimson imp (D:8)
  A bullfrog zombie (D:8)
  A jelly (D:5)
  A quasit (D:8)
  3 centaur skeletons
  An orc priest (D:7)
  5 orc wizards
  An iguana (D:8)
  3 worker ants
  4 mummies (D:8)
  A worker ant zombie (D:8)
  7 gnolls
  5 adders
  A shadow imp (D:7)
  An adder zombie (D:8)
  3 worms
  5 dart slugs
  10 leopard geckos
  14 orcs
  4 bats (D:1)
  6 giant cockroaches
  2 goblins
  4 hobgoblins (D:1)
  14 jackals
  A quokka (D:2)
  3 ball pythons
  4 frilled lizards
  11 kobolds
  11 rats
153 creatures vanquished.

Vanquished Creatures (others)
  9 fungi (D:5)
  13 plants (D:8)
  8 toadstools (D:5)
30 creatures vanquished.

Grand Total: 183 creatures vanquished

Notes
Turn   | Place    | Note
-------+----------+-------------------------------------------
     0 | D:1      | Zhakir the Gargoyle Fighter began the quest for the Orb.
     0 | D:1      | Reached XP level 1. HP: 14/14 MP: 1/1
   127 | D:1      | Reached XP level 2. HP: 7/19 MP: 2/2
   486 | D:1      | Reached XP level 3. HP: 24/24 MP: 3/3
  1157 | D:2      | Reached XP level 4. HP: 29/29 MP: 4/4
  1988 | D:3      | Reached skill level 4 in Shields
  2173 | D:3      | Found a white marble altar of Elyvilon.
  2677 | D:4      | Noticed Duvessa
  2677 | D:4      | Noticed Dowan
  2685 | D:4      | Killed Dowan
  2685 | D:4      | Reached XP level 5. HP: 33/33 MP: 5/5
  2701 | D:4      | Killed Duvessa
  2701 | D:4      | Reached skill level 1 in Dodging
  2701 | D:4      | Reached XP level 6. HP: 10/38 MP: 6/6
  3088 | D:4      | Reached skill level 5 in Shields
  3291 | D:4      | Reached XP level 7. HP: 33/44 MP: 7/7
  3354 | D:4      | Found a glowing silver altar of Zin.
  3354 | D:4      | Noticed an angel
  3379 | D:4      | Found a runed door.
  3458 | D:4      | Found a snail-covered altar of Cheibriados.
  3479 | D:4      | Found Ruel's Armour Shoppe.
  3506 | D:5      | Entered Level 5 of the Dungeon
  4199 | D:5      | Reached skill level 6 in Shields
  4210 | D:5      | Reached skill level 5 in Armour
  4268 | D:5      | Reached XP level 8. HP: 39/48 MP: 8/8
  4385 | D:5      | Found a glowing golden altar of the Shining One.
  4392 | D:5      | Became a worshipper of the Shining One
  4489 | D:5      | Noticed Sigmund
  4507 | D:5      | Killed Sigmund
  4507 | D:5      | Reached skill level 7 in Shields
  4552 | D:5      | Reached skill level 1 in Stealth
  4642 | D:5      | Noticed a slime creature
  4643 | D:5      | Noticed a slime creature
  4982 | D:5      | You fall through a shaft for 3 floors!
  5218 | D:8      | Reached skill level 5 in Maces & Flails
  5576 | D:7      | Reached skill level 5 in Fighting
  5596 | D:7      | Reached skill level 8 in Shields
  5626 | D:7      | Found a staircase to the Ecumenical Temple.
  5641 | Temple   | Entered the Ecumenical Temple
  5786 | D:7      | Reached XP level 9. HP: 34/54 MP: 9/9
  5824 | D:7      | Got an ivory flail
  6003 | D:7      | Reached * piety under the Shining One
  6322 | D:6      | Found Ebly's Weapon Shoppe.
  6322 | D:6      | Found a bloodstained altar of Trog.
  6632 | D:6      | Found a deep blue altar of Sif Muna.
  6702 | D:6      | Found an iron altar of Okawaru.
  7242 | D:8      | Noticed a komodo dragon
  7246 | D:8      | Slain by a komodo dragon

Skill      XL: |  1  2  3  4  5  6  7  8  9 |
---------------+----------------------------+-----
Fighting       | 4 5 |  5.6
Shields        | 4 5 6 8 |  8.8
Maces & Flails | 3 4 6 7 |  7.5
Armour         | 4 5 6 |  6.5
Dodging        | 1 2 3 |  3.4
Stealth        | 1 |  1.1

Action                   |  1- 3 |  4- 6 |  7- 9 || total
-------------------------+-------+-------+-------++-------
Melee: Flail             |   166 |   119 |   201 ||   486
       Mace              |       |       |   213 ||   213
Throw: Javelin           |     4 |    29 |    11 ||    44
       Tomahawk          |       |       |     9 ||     9
Evoke: Wand              |       |     5 |     2 ||     7
  Use: Potion            |     1 |       |       ||     1
       Scroll            |     2 |       |    17 ||    19
  Eat: Chunk             |     1 |     7 |    18 ||    26
       Ration            |       |       |     1 ||     1
Armor: Scale mail        |    74 |    50 |   245 ||   369
Dodge: Dodged            |    53 |    50 |   173 ||   276
Block: Shield            |    79 |    70 |   255 ||   404
